 Dungeon Sprint DCSS version 0.21-a0-111-g52d2817 (webtiles) character file.

5565 minicreteconcrete the Stickfighter (level 10, -19/94 HPs)
             Began as a Hill Orc Warper on July 11, 2017.
             Was the Champion of Cheibriados.
             Demolished by a dire elephant (34 damage)
             ... in the Dungeon (Sprint IX: "|||||||||||||||||||||||||||||").
             The game lasted 00:07:37 (948 turns).

minicreteconcrete the Stickfighter (Hill Orc Warper) Turns: 948, Time: 00:07:37

Health: -19/94     AC: 11    Str: 30    XL:     10   Next: 72%
Magic:  4/18       EV: 19    Int: 31    God:    Cheibriados [******]
Gold:   29         SH:  0    Dex: 28    Spells: 10/19 levels left

rFire    . . .     SeeInvis .   a - +7 lajatang of Order {silver, rMut}
rCold    . . .     Gourm    .   (shield currently unavailable)
rNeg     . . .     Faith    .   u - +2 ring mail
rPois    .         Spirit   .   s - +0 helmet
rElec    .         Reflect  .   (no cloak)
rCorr    .         Harm     .   (no gloves)
rMut     +         NoTele   +   t - +0 pair of boots
MR       .....                  (no amulet)
Stlth    ++........             v - +2 ring of evasion
HPRegen  0.25/turn              w - +3 ring of intelligence
MPRegen  0.16/turn

@: very slow
A: no striking features
a: Bend Time, Temporal Distortion, Slouch, Step From Time, Renounce Religion


You were in the Dungeon.
You worshipped Cheibriados.
Cheibriados was exalted by your worship.
You were hungry.

You visited 1 branch You collected 29 gold pieces.

Inventory:

Hand Weapons
 a - the +7 lajatang of Order (weapon) {silver, rMut}
   (You found it in the Dungeon)

   It protects you from mutation.
 p - a +1 broad axe of freezing
 q - a +2 dire flail of protection
 r - a +0 hand axe
Missiles
 e - 5 tomahawks of dispersal (quivered)
Armour
 o - a +0 leather armour
 s - a +0 helmet (worn)
 t - a +0 pair of boots (worn)
 u - a +2 ring mail (worn)
Magical Staves
 b - an uncursed staff of energy
 y - an uncursed staff of conjuration
Jewellery
 v - a +2 ring of evasion (left hand)
 w - a +3 ring of intelligence (right hand)
Wands
 n - a wand of acid (2/15)
 x - a wand of polymorph (11/24)
Scrolls
 d - 3 scrolls of blinking
 l - 4 scrolls of remove curse
 m - 2 scrolls of amnesia
 B - 2 scrolls of fear
 C - a scroll of identify
 D - 2 scrolls of enchant armour
Potions
 g - 6 potions of curing
 h - a potion of invisibility
 i - 2 potions of haste
 j - 4 potions of magic
 k - 2 potions of heal wounds
 A - 2 potions of resistance
Books
 c - a book of Spatial Translocations

   Spells                             Type                      Level
   a - Blink                          Translocation                2
   b - Shroud of Golubria             Charms/Translocation         2
   c - Lesser Beckoning               Translocation                3
   d - Gell's Gravitas                Translocation                3
   e - Teleport Other                 Translocation                3
   f - Passage of Golubria            Translocation                4
Comestibles
 f - a bread ration
 z - 4 chunks of flesh


   Skills:
 + Level 10.4 Fighting
 - Level 4.5 Axes
 * Level 15.3 Staves
 + Level 1.1 Throwing
 + Level 7.5 Armour
 + Level 6.2 Dodging
 + Level 5.1 Spellcasting
 - Level 4.8 Translocations
 * Level 11.8 Invocations
 + Level 1.5 Evocations


You had 10 spell levels left.
You knew the following spells:

 Your Spells              Type           Power        Failure   Level  Hunger
a - Blink                 Tloc           N/A          1%          2    None
b - Passage of Golubria   Tloc           N/A          10%         4    ###....
c - Lesser Beckoning      Tloc           #####.....   3%          3    None


Dungeon Overview and Level Annotations

Branches:
Dungeon (1/1)

Altars:
Cheibriados
Dithmenos
Elyvilon
Fedhas
Gozag
Hepliaklqana
Kikubaaqudgha
Makhleb
Nemelex Xobeh
Okawaru
Qazlal
Ru
Sif Muna
Trog
Uskayaw
Vehumet
Wu Jian
Xom
Yredelemnul
Zin
The Shining One
Beogh
Jiyva
Lugonu


Message History

The bolt of acid hits the elephant.
The elephant is splashed with acid.
The acid corrodes the elephant!
The elephant is almost dead.
This wand has 2 charges left.
The dire elephant completely misses you.
The dire elephant trunk-slaps you.
Unknown command.
Unknown command.
Press: ? - help, v - describe, . - travel
Here: a dire elephant (severely wounded, covered in acid)
The floor.
You slash the dire elephant!
The dire elephant is almost dead.
The dire elephant tramples you!
* * * LOW HITPOINT WARNING * * *
You stumble backwards!
You hit the dire elephant but do no damage.
The dire elephant is almost dead.
The dire elephant tramples you!!
You die...

▓▓▓▓▓▓▓▓▓▓▓▓▓▓▓▓▓▓▓▓▓▓▓▓▓▓▓
'†...†....'....†@Y.Y'Y.Y..Y
▓▓▓▓▓▓▓▓▓▓▓▓▓▓▓▓▓▓▓▓▓▓▓▓▓▓▓▓▓▓▓▓▓
...).^......§....................
▓▓▓▓▓▓▓▓▓▓▓▓▓▓▓▓▓▓▓▓▓▓▓▓▓▓▓▓▓▓▓▓▓
____________________'...).....'(.
▓▓▓▓▓▓▓▓▓▓▓▓▓▓▓▓▓▓▓▓▓▓▓▓▓▓▓▓▓▓▓▓▓


You could see a dire elephant and 3 elephants.

Vanquished Creatures
  A hydra (D)
  A centaur warrior (D)
  3 elephants (D)
  Psyche (D)
  A spiny frog (D)
  A hippogriff (D)
  A slime creature (D)
  2 yaks (D)
  A vampire mosquito (D)
  3 water moccasins (D)
  6 porcupines (D)
  An eye of draining (D)
  A phantom (D)
  A wolf (D)
  2 crocodiles (D)
  A centaur (D)
  2 ogres (D)
  A big kobold (D)
  A bullfrog (D)
  A killer bee (D)
  A jelly (D)
  An orc priest (D)
  A leopard gecko (D)
  A hobgoblin (D)
  A jackal (D)
  A quokka (D)
  2 frilled lizards (D)
  A giant cockroach zombie (D)
  A kobold (D)
  A rat (D)
43 creatures vanquished.

Notes
Turn   | Place    | Note
-------+----------+-------------------------------------------
     0 | D        | minicreteconcrete the Hill Orc Warper began the quest for the Orb.
     0 | D        | Reached XP level 1. HP: 18/18 MP: 3/3
   232 | D        | Noticed an orc priest
   245 | D        | Reached XP level 2. HP: 15/26 MP: 5/5
   251 | D        | Reached XP level 3. HP: 19/33 MP: 5/7
   257 | D        | Found a roughly hewn altar of Beogh.
   257 | D        | Found a snail-covered altar of Cheibriados.
   257 | D        | Found a shadowy altar of Dithmenos.
   257 | D        | Found a white marble altar of Elyvilon.
   257 | D        | Found a blossoming altar of Fedhas.
   257 | D        | Found an opulent altar of Gozag.
   258 | D        | Found a hazy altar of Hepliaklqana.
   259 | D        | Found a viscous altar of Jiyva.
   260 | D        | Found an ancient bone altar of Kikubaaqudgha.
   261 | D        | Became a worshipper of Cheibriados the Contemplative
   262 | D        | Found a corrupted altar of Lugonu.
   263 | D        | Found a burning altar of Makhleb.
   264 | D        | Found a sparkling altar of Nemelex Xobeh.
   265 | D        | Found an iron altar of Okawaru.
   266 | D        | Found a stormy altar of Qazlal.
   267 | D        | Found a sacrificial altar of Ru.
   268 | D        | Found a deep blue altar of Sif Muna.
   269 | D        | Found a bloodstained altar of Trog.
   270 | D        | Found a hide-covered altar of Uskayaw.
   271 | D        | Found a radiant altar of Vehumet.
   272 | D        | Found an ornate altar of the Wu Jian Council.
   273 | D        | Found a shimmering altar of Xom.
   274 | D        | Found a basalt altar of Yredelemnul.
   275 | D        | Found a glowing silver altar of Zin.
   276 | D        | Found a glowing golden altar of the Shining One.
   412 | D        | Learned a level 2 spell: Blink
   412 | D        | Noticed an ogre
   412 | D        | Noticed a centaur
   412 | D        | Noticed a phantom
   412 | D        | Noticed a killer bee
   412 | D        | Noticed an ogre
   429 | D        | Killed an ogre
   429 | D        | Reached skill level 2 in Staves
   429 | D        | Reached skill level 1 in Throwing
   429 | D        | Reached XP level 4. HP: 40/41 MP: 5/9
   430 | D        | Killed a centaur
   430 | D        | Reached skill level 5 in Fighting
   430 | D        | Reached skill level 3 in Staves
   430 | D        | Reached XP level 5. HP: 47/48 MP: 5/11
   437 | D        | Reached * piety under Cheibriados
   437 | D        | Reached XP level 6. HP: 28/57 MP: 6/12
   440 | D        | Reached skill level 4 in Staves
   442 | D        | Reached ** piety under Cheibriados
   442 | D        | Reached skill level 5 in Armour
   469 | D        | Killed a phantom
   469 | D        | Reached skill level 5 in Staves
   469 | D        | Reached XP level 7. HP: 21/64 MP: 11/13
   475 | D        | Learned a level 4 spell: Passage of Golubria
   479 | D        | Learned a level 3 spell: Lesser Beckoning
   484 | D        | Noticed a slime creature
   484 | D        | Noticed a vampire mosquito
   484 | D        | Noticed a centaur warrior
   484 | D        | Noticed a yak
   495 | D        | Killed a slime creature
   495 | D        | Reached skill level 7 in Staves
   495 | D        | Reached skill level 5 in Dodging
   495 | D        | Reached skill level 5 in Invocations
   710 | D        | Killed a vampire mosquito
   710 | D        | Reached *** piety under Cheibriados
   710 | D        | Reached skill level 8 in Staves
   720 | D        | Killed a centaur warrior
   720 | D        | Reached skill level 10 in Staves
   720 | D        | Reached XP level 8. HP: 27/75 MP: 7/14
   728 | D        | Killed a yak
   728 | D        | Reached **** piety under Cheibriados
   728 | D        | Reached skill level 11 in Staves
   728 | D        | Reached XP level 9. HP: 31/82 MP: 8/15
   781 | D        | Noticed Psyche
   787 | D        | Killed Psyche
   865 | D        | Noticed a six-headed hydra
   867 | D        | Reached ***** piety under Cheibriados
   871 | D        | Reached skill level 12 in Staves
   876 | D        | Reached ****** piety under Cheibriados
   876 | D        | Reached skill level 13 in Staves
   877 | D        | Killed a six-headed hydra
   877 | D        | Reached skill level 10 in Invocations
   877 | D        | Reached XP level 10. HP: 42/93 MP: 10/17
   884 | D        | Reached skill level 10 in Fighting
   884 | D        | Reached skill level 1 in Evocations
   907 | D        | Noticed an elephant
   909 | D        | Noticed a spiny frog
   909 | D        | Reached skill level 14 in Staves
   916 | D        | Killed a spiny frog
   922 | D        | Killed an elephant
   922 | D        | Reached skill level 15 in Staves
   941 | D        | Noticed a dire elephant
   941 | D        | Noticed an elephant
   941 | D        | Noticed an elephant
   941 | D        | Noticed an elephant
   941 | D        | Noticed an elephant
   941 | D        | Noticed an elephant
   945 | D        | Killed an elephant
   945 | D        | Killed an elephant
   945 | D        | Reached skill level 5 in Spellcasting
   948 | D        | Demolished by a dire elephant

Vault maps used:
D:        linesprint

Skill      XL: |  1  2  3  4  5  6  7  8  9 10 |
---------------+-------------------------------+-----
Dodging        | 2 3 4 5 6 |  6.2
Spellcasting   | 2 3 4 5 |  5.1
Axes           | 3 4 |  4.5
Fighting       | 3 4 5 6 8 9 10 | 10.4
Armour         | 2 3 4 5 6 7 |  7.5
Staves         | 2 3 5 10 11 13 15 | 15.3
Throwing       | 1 |  1.1
Translocations | 3 4 |  4.8
Invocations    | 4 8 10 11 | 11.8
Evocations     | 1 |  1.5

Action                   |  1- 3 |  4- 6 |  7- 9 | 10-12 || total
-------------------------+-------+-------+-------+-------++-------
Melee: Hand axe          |    29 |       |       |       ||    29
       Lajatang          |     5 |    21 |    41 |    15 ||    82
 Cast: Blink             |     2 |       |     1 |       ||     3
       Passage of Golubr |       |       |     5 |       ||     5
Invok: Slouch            |       |       |     1 |     6 ||     7
Evoke: Wand              |       |       |     3 |     2 ||     5
       Staff of energy   |       |       |     2 |     7 ||     9
  Use: Potion            |     2 |       |       |       ||     2
  Eat: Chunk             |       |       |       |     1 ||     1
Armor: Leather armour    |     4 |       |       |       ||     4
       Ring mail         |     1 |     4 |    14 |     9 ||    28
Dodge: Dodged            |    21 |    17 |    25 |     7 ||    70
